Map: Eternal Empire LE

Players

GOReynor (Reynor) - Winner!

  • Race: Zerg Zerg
  • League: Master
  • Spawn Location: 1:00

Cham

  • Race: Zerg Zerg
  • League: Master
  • Spawn Location: 7:00

Event: NationWars 2019

VOD

Have the link to the VOD?

Description

Time

  • Played on: Nov. 30, 2019, 1:11 p.m.
  • Length: 7:52
Show
View Real Time Build Order
Export as new Build Order

GOReynor Zerg - Winner!

Build Orders: Hatch First 

Get SALT Encoding   

  12  0:00  Drone  
  13  0:12  Overlord  
  13  0:16  Drone  
  14  0:30  Drone x2  
  16  0:48  Hatchery  
  15  0:51  Drone  
  15  0:55  Drone  
  17  0:58  Drone  
  18  1:09  Extractor  
  17  1:13  Spawning Pool  
  17  1:16  Drone  
  17  1:20  Drone  
  18  1:27  Drone  
  19  1:38  Drone  
  20  1:51  Drone  
  21  1:59  Overlord  
  21  2:00  Zergling x2, Queen x2  
  26  2:10  Drone x2  
  26  2:11  Metabolic Boost  
  28  2:21  Drone x2  
  30  2:33  Hatchery  
  30  2:36  Drone  
  30  2:39  Drone  
  30  2:42  Drone  
  32  2:48  Baneling Nest  
  32  2:51  Drone  
  32  2:54  Overlord  
  32  2:58  Zergling x2  
  33  3:05  Zergling x4  
  35  3:07  Drone  
  35  3:12  Zergling x6  
  39  3:13  Zergling x2  
  39  3:17  Queen  
  42  3:21  Overlord  
  42  3:27  Drone x2  
  44  3:35  Overlord  
  44  3:39  Baneling x2  
  44  3:41  Drone  
  44  3:42  Drone  
  44  3:43  Zergling x2  
  44  3:45  Drone  
  44  3:46  Evolution Chamber  
  44  3:47  Drone  
  48  3:49  Drone  
  48  3:51  Zergling x2  
  48  3:54  Drone  
  50  4:06  Drone  
  50  4:10  Overlord  
  50  4:11  Drone x3  
  50  4:15  Drone x3  
  54  4:18  Baneling x2  
  54  4:19  Drone x3  
  54  4:23  Lair  
  57  4:26  Zergling x4  
  57  4:28  Drone x2  
  61  4:34  Roach Warren  
  61  4:37  Overlord  
  60  4:40  Drone  
  60  4:41  Drone  
  62  4:46  Zerg Missile Weapons Level 1  
  62  4:48  Extractor  
  62  4:49  Drone x3, Extractor, Overlord  
  63  4:52  Overlord  
  63  4:55  Drone x2  
  63  4:56  Drone  
  66  5:00  Overlord  
  66  5:04  Drone x3  
  69  5:08  Overlord  
  69  5:09  Extractor  
  69  5:10  Extractor  
  69  5:11  Overlord  
  69  5:12  Drone  
  67  5:25  Drone  
  67  5:26  Drone  
  66  5:28  Glial Reconstitution  
  66  5:33  Roach x5  
  76  5:36  Zergling x2  
  76  5:37  Zergling x12  
  76  5:42  Overlord  
  81  5:53  Roach x5  
  81  5:55  Roach x3  
  81  5:56  Roach  
  97  6:04  Overlord  
  97  6:05  Roach x2  
  97  6:08  Nydus Network  
  97  6:09  Roach x2  
  97  6:10  Roach  
  105  6:15  Roach  
  105  6:16  Roach x2  
  105  6:17  Zergling x2  
  105  6:18  Zergling x2  
  109  6:22  Roach  
  109  6:23  Roach  
  112  6:26  Overseer  
  112  6:27  Roach x2  
  112  6:30  Roach  
  118  6:35  Roach x3  
  124  6:44  Nydus Canal  
  124  6:45  Roach x3  
  130  6:47  Overlord  
  130  6:52  Overlord  
  130  7:01  Overlord  
  130  7:03  Overlord  
  130  7:05  Nydus Canal  
  130  7:09  Roach x4  
  130  7:13  Roach x3  
  130  7:14  Roach  
  139  7:16  Roach  
  139  7:17  Roach  
  139  7:23  Roach x3  
  139  7:27  Roach x2  
  137  7:31  Overseer, Roach x2  
Show
View Real Time Build Order
Export as new Build Order

Cham Zerg 

Build Orders: Hatch First 

Get SALT Encoding   

  12  0:00  Drone  
  13  0:08  Drone  
  14  0:16  Overlord  
  14  0:35  Drone x2  
  16  0:46  Hatchery  
  15  0:51  Drone  
  15  0:55  Drone  
  17  0:58  Drone  
  18  1:08  Extractor  
  17  1:13  Spawning Pool  
  17  1:16  Drone  
  17  1:20  Drone  
  18  1:30  Drone  
  19  1:40  Drone  
  20  1:52  Drone  
  21  1:59  Queen x2  
  21  2:00  Zergling x2  
  26  2:01  Overlord  
  26  2:10  Drone  
  26  2:13  Metabolic Boost  
  27  2:17  Drone  
  27  2:21  Drone  
  29  2:23  Drone  
  30  2:33  Hatchery  
  29  2:43  Baneling Nest  
  28  2:45  Drone x2  
  28  2:47  Drone  
  31  2:53  Overlord  
  31  2:58  Zergling x4  
  33  3:03  Zergling x2  
  34  3:08  Drone x2, Evolution Chamber  
  34  3:11  Drone  
  34  3:12  Drone  
  37  3:18  Drone x2  
  39  3:20  Drone  
  39  3:26  Drone x2  
  42  3:29  Overlord  
  42  3:34  Baneling  
  42  3:38  Baneling, Zerg Missile Weapons Level 1  
  41  3:44  Zergling x4  
  41  3:47  Drone x2  
  41  3:48  Zergling x4  
  47  3:59  Zergling x4  
  47  4:01  Zergling x2, Baneling  
  50  4:03  Zergling x2  
  50  4:08  Drone x3  
  50  4:09  Queen  
  54  4:11  Drone  
  54  4:15  Drone  
  55  4:18  Overlord  
  55  4:21  Drone  
  55  4:24  Overlord  
  56  4:25  Roach Warren  
  56  4:29  Overlord  
  56  4:31  Drone  
  56  4:33  Lair  
  56  4:35  Overlord  
  56  4:36  Extractor  
  56  4:37  Extractor  
  54  4:40  Drone x2  
  54  4:45  Drone, Overlord  
  57  4:47  Drone  
  57  4:50  Drone x2  
  57  4:51  Overlord  
  60  4:56  Baneling x2  
  60  4:57  Overlord  
  60  4:59  Drone x2  
  62  5:04  Overlord  
  62  5:07  Overlord  
  62  5:08  Drone  
  62  5:10  Pneumatized Carapace  
  62  5:13  Overlord  
  63  5:18  Extractor  
  63  5:20  Drone x2  
  60  5:22  Overlord  
  60  5:23  Drone  
  60  5:25  Drone x2  
  60  5:26  Drone x2  
  60  5:27  Overlord  
  64  5:29  Drone x2  
  64  5:34  Drone  
  69  5:35  Roach  
  69  5:37  Roach  
  69  5:39  Baneling  
  69  5:40  Overseer  
  69  5:41  Zergling x6  
  74  5:44  Drone x2  
  74  5:47  Drone x3  
  79  5:51  Drone  
  79  5:53  Glial Reconstitution, Extractor  
  79  5:54  Drone, Extractor  
  79  6:00  Drone x3  
  79  6:01  Drone  
  79  6:04  Roach  
  82  6:07  Roach  
  82  6:10  Queen  
  86  6:12  Roach x2  
  86  6:18  Roach x4  
  93  6:23  Roach x2  
  96  6:28  Roach x3  
  96  6:29  Overlord  
  96  6:31  Roach  
  104  6:34  Roach  
  104  6:36  Roach  
  104  6:37  Roach  
  110  6:41  Roach  
  110  6:43  Overlord  
  110  6:45  Roach x2  
  118  6:47  Roach  
  118  6:48  Roach  
  118  6:51  Roach  
  122  6:54  Roach  
  122  6:59  Roach x4  
  122  7:00  Roach  
  135  7:01  Ravager  
  135  7:03  Ravager  
  135  7:04  Roach x2  
  135  7:06  Roach  
  142  7:09  Roach x2  
  134  7:19  Roach x2  
  134  7:21  Roach  
  116  7:26  Roach x2  
  104  7:30  Roach x3  
  104  7:31  Roach x2  
Tags
 
Add a new tag
Caveats
  • Supply blocks, unpowered buildings, or Contaminate may cause inaccurate times.
  • Supply counts are checked every 10 seconds.